Map: Orbital Shipyard

Players

capac

  • Race: Terran Terran
  • League: Gold

RoxiLight - Winner!

  • Race: Protoss Protoss
  • League: Gold

VOD

Have the link to the VOD?

Description

Time

  • Played on: March 21, 2016, 2:59 p.m.
  • Length: 13:38
Show
View Real Time Build Order
Export as new Build Order

capac Terran 

Build Orders: MMM Bio 

Get SALT Encoding   

  12  0:00  SCV  
  13  0:13  SCV  
  14  0:18  Supply Depot  
  14  0:25  SCV  
  15  0:39  SCV  
  15  0:40  Barracks  
  16  0:46  Refinery  
  16  0:51  SCV  
  17  1:03  SCV  
  18  1:15  SCV  
  19  1:28  SCV  
  19  1:32  Reaper  
  21  1:37  Command Center  
  21  1:42  Orbital Command  
  21  1:52  Supply Depot  
  21  2:06  Barracks Reactor  
  21  2:19  Barracks  
  21  2:26  SCV  
  22  2:32  Factory  
  22  2:49  Marine x2  
  23  3:06  Orbital Command  
  23  3:08  Barracks Tech Lab, Marine  
  23  3:09  Marine  
  23  3:10  SCV  
  26  3:13  Refinery  
  26  3:17  Engineering Bay, Factory Tech Lab  
  26  3:22  SCV  
  26  3:24  Starport  
  27  3:28  Marine x2  
  27  3:29  Marine  
  31  3:34  SCV  
  31  3:35  SCV  
  32  3:43  Refinery  
  32  3:46  Marine x2, SCV  
  32  3:47  Marine, SCV  
  37  3:50  Missile Turret  
  37  4:00  Siege Tank  
  40  4:07  SCV x2  
  42  4:10  Supply Depot  
  42  4:19  SCV  
  42  4:20  SCV  
  42  4:21  Marine  
  42  4:22  Marine  
  46  4:26  Supply Depot  
  46  4:32  Marine  
  47  4:40  Siege Tank  
  47  4:43  Medivac  
  47  4:44  SCV  
  47  4:45  SCV  
  54  4:48  Refinery  
  53  4:58  Missile Turret  
  53  4:59  SCV x2  
  55  5:11  Marine x3  
  55  5:13  Stimpack  
  58  5:18  Supply Depot  
  58  5:25  SCV  
  58  5:26  SCV  
  60  5:33  Marine x2  
  60  5:34  Missile Turret  
  62  5:40  Marine, SCV x2  
  62  5:41  Barracks  
  65  5:45  Barracks  
  65  5:46  Supply Depot  
  65  5:47  Barracks  
  65  5:50  Terran Infantry Weapons Level 1  
  65  5:52  SCV x2  
  65  5:53  Starport Reactor  
  67  6:04  SCV x2  
  67  6:08  Supply Depot  
  69  6:11  Siege Tank  
  69  6:16  SCV x2  
  74  6:27  Marine x2, Missile Turret  
  74  6:28  SCV  
  74  6:30  Marine, SCV  
  79  6:34  Barracks Reactor  
  79  6:35  Barracks Tech Lab, Barracks Reactor  
  79  6:41  SCV  
  79  6:42  SCV  
  79  6:45  Marine  
  79  6:46  Supply Depot  
  82  6:47  Siege Tank  
  85  7:00  Medivac  
  60  7:01  Medivac  
  88  7:12  Marine x6  
  88  7:13  Marine x2  
  96  7:22  Starport  
  96  7:24  SCV x2  
  96  7:28  Missile Turret  
  98  7:34  Medivac  
  98  7:35  Medivac, Command Center  
  102  7:42  Supply Depot, SCV  
  103  7:55  Marine x5  
  103  7:56  Marine x2  
  110  8:01  Terran Infantry Armor Level 1  
  110  8:02  Supply Depot  
  110  8:03  Combat Shields  
  110  8:04  Marine  
  111  8:17  Marine x4  
  111  8:18  Marine x3  
  118  8:21  Starport Reactor  
  118  8:29  Supply Depot  
  118  8:31  Supply Depot  
  118  8:39  Factory  
  118  8:45  Marine  
  118  8:46  Marine x5  
  118  8:47  Concussive Shells  
  124  8:57  Supply Depot  
  124  8:58  Supply Depot  
  124  9:00  Marauder x2  
  127  9:18  Marine x4  
  127  9:19  Marine  
  127  9:21  Viking x2  
  127  9:26  Viking  
  127  9:27  Viking  
  111  9:34  Orbital Command  
  111  9:51  Viking  
  113  9:56  Viking  
  113  9:57  Viking  
  113  9:58  Viking  
  119  10:06  Armory  
  119  10:07  Factory Tech Lab  
  119  10:08  Starport  
  119  10:27  Viking x3  
  125  10:31  Marine x5  
  125  10:32  Marine  
  125  10:35  Marauder x2  
  135  10:37  Viking  
  137  11:13  Viking  
  137  11:14  Viking  
  137  11:15  Viking x2  
  145  11:26  Supply Depot  
  145  11:27  Starport Reactor  
  145  11:34  Marine x3  
  145  11:35  Marine x5  
  122  12:21  Viking x6  
  86  12:30  Marine x5  
  86  12:31  Marine x3  
  92  12:48  Marine x6  
  92  12:49  Marine x2, Command Center  
  92  12:51  Viking x6  
  70  13:17  Marine x2  
  70  13:18  Marine  
Show
View Real Time Build Order
Export as new Build Order

RoxiLight Protoss - Winner!

Build Orders: 1 Gate Expand, Nexus First, Oracle Opening 

Get SALT Encoding   

  12  0:03  Probe (Chrono Boost)  
  13  0:13  Probe (Chrono Boost)  
  14  0:21  Pylon  
  14  0:26  Probe (Chrono Boost)  
  15  0:41  Gateway  
  15  1:04  Nexus  
  15  1:12  Probe (Chrono Boost), Assimilator  
  16  1:25  Assimilator  
  16  1:29  Cybernetics Core  
  16  1:32  Probe (Chrono Boost)  
  17  1:42  Probe (Chrono Boost)  
  18  1:53  Probe (Chrono Boost)  
  19  2:03  Probe (Chrono Boost)  
  19  2:05  Adept  
  22  2:14  Probe (Chrono Boost)  
  23  2:16  Pylon  
  23  2:24  Probe (Chrono Boost)  
  24  2:35  Mothership Core (Chrono Boost)  
  26  2:45  Stargate  
  26  3:09  Probe x2 (Chrono Boost)  
  28  3:19  Probe x2 (Chrono Boost)  
  30  3:21  Pylon  
  30  3:29  Probe (Chrono Boost), Oracle (Chrono Boost)  
  30  3:30  Probe (Chrono Boost)  
  30  3:32  Pylon  
  35  3:35  Pylon  
  35  3:39  Probe, Protoss Air Weapons Level 1 (Chrono Boost)  
  36  3:41  Probe  
  36  3:46  Assimilator  
  37  3:51  Assimilator  
  37  3:53  Probe  
  37  3:54  Probe  
  39  4:03  Probe  
  39  4:09  Stargate  
  40  4:23  Probe  
  40  4:24  Probe, Stargate  
  42  4:33  Probe  
  42  4:36  Probe  
  44  4:44  Probe  
  42  4:49  Probe  
  44  4:55  Probe  
  44  4:59  Void Ray  
  49  5:01  Probe  
  50  5:14  Stargate  
  50  5:21  Protoss Air Armor Level 1 (Chrono Boost), Pylon  
  50  5:38  Nexus  
  50  5:43  Pylon  
  50  5:44  Pylon  
  50  5:52  Void Ray  
  50  5:56  Pylon  
  54  6:03  Void Ray  
  58  6:10  Pylon  
  58  6:14  Pylon  
  58  6:16  Probe  
  58  6:17  Probe  
  60  6:21  Assimilator  
  60  6:25  Assimilator  
  60  6:26  Probe, Void Ray  
  60  6:27  Void Ray  
  60  6:29  Probe  
  70  6:41  Probe  
  70  6:46  Void Ray  
  75  6:48  Void Ray  
  79  7:18  Probe  
  79  7:19  Probe  
  79  7:20  Probe, Fleet Beacon  
  79  7:22  Stargate  
  82  7:29  Probe x2  
  82  7:30  Pylon  
  82  7:32  Probe  
  82  7:34  Pylon  
  85  7:38  Void Ray  
  85  7:40  Probe x2  
  91  7:44  Probe  
  91  7:50  Probe  
  92  7:51  Void Ray  
  92  7:52  Void Ray  
  101  8:18  Probe x2  
  101  8:19  Probe  
  104  8:24  Forge  
  104  8:28  Probe  
  104  8:29  Probe  
  104  8:31  Probe  
  107  8:37  Carrier  
  107  8:39  Probe x2  
  107  8:41  Carrier  
  121  8:43  Probe  
  121  8:47  Protoss Air Weapons Level 2 (Chrono Boost)  
  122  8:49  Probe, Carrier  
  129  9:01  Photon Cannon  
  129  9:02  Photon Cannon  
  125  9:31  Nexus  
  125  9:40  Carrier  
  131  9:51  Cybernetics Core  
  131  9:56  Photon Cannon x2  
  131  9:58  Pylon  
  131  10:01  Stargate  
  128  10:39  Carrier x2 (Chrono Boost)  
  146  10:44  Nexus  
  146  10:45  Carrier (Chrono Boost)  
  146  11:00  Pylon  
  146  11:03  Pylon  
  146  11:06  Pylon  
  146  11:21  Photon Cannon  
  146  11:23  Photon Cannon  
  146  11:25  Photon Cannon  
  146  11:27  Stargate  
  146  11:30  Gateway  
  146  11:33  Photon Cannon  
  146  11:36  Photon Cannon  
  146  11:38  Photon Cannon, Carrier (Chrono Boost)  
  158  11:42  Pylon  
  158  11:49  Carrier (Chrono Boost)  
  158  12:02  Robotics Facility  
  159  13:10  Nexus  
  171  13:14  Photon Cannon  
  171  13:17  Photon Cannon  
Tags
 
Add a new tag
Caveats
  • Supply blocks, unpowered buildings, or Contaminate may cause inaccurate times.
  • Supply counts are checked every 10 seconds.